 Dungeon Crawl Stone Soup version 0.19-a0-585-ge40200b (webtiles) character file.

68 ololoev the Magician (level 4, 20/24 HPs)
             Began as a Deep Elf Fire Elementalist on June 9, 2016.
             Quit the game on level 3 of the Dungeon.
             The game lasted 00:03:53 (743 turns).

ololoev the Magician (Deep Elf Fire Elementalist)    Turns: 743, Time: 00:03:54

Health: 20/24      AC:  3    Str:  5    XL:     4   Next: 1%
Magic:  6/11       EV: 13    Int: 21    God:
Gold:   75         SH:  0    Dex: 15    Spells: 3 memorised, 3 levels left

rFire  . . .     SeeInvis .     (no weapon)
rCold  . . .     Gourm    .     a - +0 robe
rNeg   . . .     Faith    .     (no shield)
rPois  .         Spirit   .     (no helmet)
rElec  .         Dismiss  .     (no cloak)
rCorr  .         Reflect  .     (no gloves)
SustAt .         Harm     .     f - +0 pair of boots
MR     .....                    (no amulet)
Stlth  ++........               (no ring)
                                (no ring)

@: not resistant to hostile enchantments, unstealthy
A: no striking features
a: no special abilities

Inventory:

Armour
 a - a +0 robe (worn)
 f - a +0 pair of boots (worn)
Scrolls
 d - 3 scrolls of identify {unknown}
 e - a scroll of remove curse {unknown}
Potions
 h - a potion of heal wounds {unknown}
Books
 b - a book of Flames

   Spells                             Type                      Level
   a - Flame Tongue                   Conjuration/Fire             1
   b - Throw Flame                    Conjuration/Fire             2
   c - Conjure Flame                  Conjuration/Fire             3
   d - Inner Flame                    Hexes/Fire                   3
   e - Sticky Flame                   Conjuration/Fire             4
   f - Fireball                       Conjuration/Fire             5
Comestibles
 c - 4 bread rations
 g - a meat ration


   Skills:
 - Level 2.4 Dodging
 - Level 2.4 Stealth
 + Level 3.9 Spellcasting
 * Level 3.1 Conjurations
 + Level 3.8 Fire Magic


You had 3 spell levels left.
You knew the following spells:

 Your Spells              Type           Power        Failure   Level  Hunger
a - Flame Tongue          Conj/Fire      ###..        3%          1    None
b - Conjure Flame         Conj/Fire      ###.....     12%         3    ###....
e - Inner Flame           Hex/Fire       ##......     21%         3    ###....


You were on level 3 of the Dungeon.
You were not hungry.

You visited 1 branch of the dungeon, and saw 5 of its levels.

You collected 75 gold pieces.

....##.# ##.####..#
....##.#.#.......[#
....##.#.#######.##
###.##.#.##.####.#
#.##.#.#.....#.#
#.##.#.##.##.#.#
#.##.#.##†##.#.#
#.##.#.##.##.#.#
#...)).##.##.#@#
####.####.##.#.#
#.####.##.#.#
#......##.#.#
#########.#.# #...#
#####

Notes
Turn   | Place    | Note
--------------------------------------------------------------
     0 | D:1      | ololoev the Deep Elf Fire Elementalist began the quest for the Orb.
     0 | D:1      | Reached XP level 1. HP: 10/10 MP: 6/6
   120 | D:1      | Reached XP level 2. HP: 15/15 MP: 0/8
   203 | D:3      | Noticed ololoev's ghost (weakling DEFE)
   218 | D:3      | Killed ololoev's ghost
   254 | D:3      | Reached XP level 3. HP: 19/19 MP: 6/10
   263 | D:3      | Learned a level 3 spell: Conjure Flame
   267 | D:3      | Learned a level 3 spell: Inner Flame
   274 | D:3      | Found a basalt altar of Yredelemnul.
   382 | D:5      | Entered Level 5 of the Dungeon
   382 | D:5      | Noticed Grinder
   407 | D:4      | Noticed a slave
   408 | D:4      | Noticed Pikel
   408 | D:4      | Noticed a slave
   409 | D:4      | Noticed a slave
   410 | D:4      | Noticed a slave
   449 | D:3      | Found a shattered altar of Ashenzari.
   698 | D:3      | Noticed Terence
   704 | D:3      | Killed Terence
   720 | D:3      | Reached XP level 4. HP: 18/24 MP: 4/11
   743 | D:3      | Quit the game

Dungeon Overview and Level Annotations

Branches:
Dungeon (5/15)
 Temple: D:4-7

Altars:
Ashenzari
Yredelemnul

Annotations:
D:4 Pikel
D:5 Grinder


Message History

a falchion; a leather armour
Casting: Flame Tongue
Confirm with . or Enter, or press ? or * to list all spells.
Aiming: Flame Tongue
Press: ? - help, Shift-Dir - straight line, f - Terence
Aim: Terence, wielding a falchion and wearing a ring mail The flame tongue misses Terence.
Terence misses you.
Casting: Flame Tongue
Confirm with . or Enter, or press ? or * to list all spells.
Aiming: Flame Tongue
Press: ? - help, Shift-Dir - straight line, f/p - Terence
Aim: Terence, wielding a falchion and wearing a ring mail The flame tongue hits Terence.
Terence is lightly wounded.
Terence hits you with a falchion.
Casting: Flame Tongue
Confirm with . or Enter, or press ? or * to list all spells.
Aiming: Flame Tongue
Press: ? - help, Shift-Dir - straight line, f/p - Terence
Aim: Terence, wielding a falchion and wearing a ring mail (lightly wounded)
The flame tongue hits Terence.
Terence appears unharmed.
Terence is lightly wounded.
Terence barely misses you.
Casting: Flame Tongue
Confirm with . or Enter, or press ? or * to list all spells.
Aiming: Flame Tongue
Press: ? - help, Shift-Dir - straight line, f/p - Terence
Aim: Terence, wielding a falchion and wearing a ring mail (lightly wounded)
The flame tongue hits Terence.
Terence appears unharmed.
Terence is lightly wounded.
Terence closely misses you.
Casting: Flame Tongue
Confirm with . or Enter, or press ? or * to list all spells.
Aiming: Flame Tongue
Press: ? - help, Shift-Dir - straight line, f/p - Terence
Aim: Terence, wielding a falchion and wearing a ring mail (lightly wounded)
The flame tongue hits Terence.
Terence is severely wounded.
Terence hits you but does no damage.
Casting: Flame Tongue
Confirm with . or Enter, or press ? or * to list all spells.
Aiming: Flame Tongue
Press: ? - help, Shift-Dir - straight line, f/p - Terence
Aim: Terence, wielding a falchion and wearing a ring mail (severely wounded)
The flame tongue hits Terence.
You kill Terence!
Your Conjurations skill increases to level 3!
Casting: Flame Tongue
Confirm with . or Enter, or press ? or * to list all spells.
You can't see any susceptible monsters within range! (Use Z to cast anyway.)
Casting: Flame Tongue
Confirm with . or Enter, or press ? or * to list all spells.
You can't see any susceptible monsters within range! (Use Z to cast anyway.)
Things that are here:
a falchion; a ring mail
h - a glowing black potion
Things that are here:
a falchion; a leather armour
Found a bread ration.
Found a bread ration.
A bat comes into view.
The bat barely misses you.
You see here a bread ration.
You hit the bat.
The bat is heavily wounded.
The bat hits you but does no damage. x2
Casting: Flame Tongue
Confirm with . or Enter, or press ? or * to list all spells.
Aiming: Flame Tongue
Press: ? - help, Shift-Dir - straight line, f - bat
Aim: a bat (heavily wounded)
The flame tongue hits the bat.
You kill the bat!
You have reached level 4!
You feel clever.
c - 3 bread rations (gained 1)
You see here a bat corpse.
c - 4 bread rations (gained 1)
You can't memorise that many levels of magic yet!
Are you sure you want to abandon this character and quit the game? (Confirm with "yes".)

There were no monsters in sight!

Vanquished Creatures
  Terence (D:3)
  The ghost of ololoev the Magician, a weakling DEFE (D:3)
  An adder (D:3)
  A giant gecko (D:3)
  2 orcs (D:3)
  2 ball pythons
  A bat (D:3)
  A giant cockroach (D:3)
  4 goblins
  A hobgoblin (D:1)
  A quokka (D:3)
  A giant newt (D:3)
  4 kobolds (D:1)
  A rat (D:1)
22 creatures vanquished.

Action                   |  1- 3 |  4- 6 || total
-------------------------+-------+-------++-------
Melee: Unarmed           |     1 |       ||     1
 Cast: Flame Tongue      |    38 |     1 ||    39
       Conjure Flame     |     1 |       ||     1
Armor: Robe              |     5 |       ||     5
Dodge: Dodged            |    10 |       ||    10

Vault maps used:
D:1:      kennysheep_arrival_forest
D:2:      minmay_door_path, grunt_dithmenos_smoke_and_mirrors, uniq_sigmund
D:3:      nicolae_overflow_crystal_walls, first_bread, minmay_crystal_room,
          ashenzari_altar_1, uniq_terence
D:4:      uniq_pikel, uniq_edmund
D:5:      basic_altar, uniq_menkaure, uniq_grinder
